Unix xNetHack Version 7.1.0 - last build Jul 4 2022 02:09:00 (ec8469f2eb63cac24863ec985b09651f3a72bf9f). Game began 2022-07-04 10:17:38, ended 2022-07-04 10:23:53. Raisse, neutral female gnomish Wizard --- ..| ..| -..| --...| ----...- |.*).)-- --f.*...| |..q.*..-- -- |.G......--- ...------ ------- -- --- |.....................................| --..............---------------- - |................- |...<..-....---- .| --..........| | |..........| ---.-....--- -- ....| ----- Raisse the Conjurer St:10 Dx:11 Co:15 In:19 Wi:10 Ch:11 Neutral Dlvl:5 $:27 HP:0(20) Pw:12(27) AC:8 Xp:3/79 T:1520 Latest messages: You swap places with Poes. What do you want to name? [ag-mpqstv-zCH or ?*] Never mind. You descend the stairs. The hobbit wields a burnt sling! The hobbit shoots a gray stone! You are hit by a gray stone. The hobbit shoots a gray stone! You are hit by a gray stone. In what direction? y The spell hits the hobbit! You kill the hobbit! A - 8 gray stones {16}. The pony kicks! The pony bites! What do you want to call? [g-lpsv-yACH or ?*] A Call a gray stone: flint In what direction? l The spell misses the pony. The pony kicks! The pony bites! In what direction? l The spell hits the pony! You kill the pony! What do you want to drop? [$ag-mpqstv-zACH or ?*] z You drop a bone crude dagger {3}. Poes picks up a crude arrow. z - a bone crude dagger {3}. What do you want to drop? [$ag-mpqstv-zACH or ?*] Z You don't have that object. What do you want to drop? [$ag-mpqstv-zACH or ?*] Never mind. What kinds of thing do you want to drop? [$)"?!(*[ BUXPai] * You drop 8 stones called flint {16}. Poes drops a crude arrow. Poes bites the rothe. The rothe misses Poes. The rothe bites Poes. The rothe bites Poes. What do you want to call? [g-lpsv-yCH or ?*] v Call a stone called luck/flint: luck Poes picks up a crude arrow. You see here a black gem. The rothe hits! The rothe bites! The rothe bites! You die... Do you want your possessions identified? [ynq] (y) y Do you want to see your attributes? [ynq] (y) y Do you want an account of creatures vanquished? [ynaq] (y) q Major events: Turn 1: Raisse the neutral female gnomish Wizard entered the dungeon 554: entered the Gnomish Mines 1427: attained the rank of Conjurer (level 3) 1520: killed by a rothe Inventory: Inventory: 371/675 weight (19/52 slots) Coins $ - 27 gold pieces {1} Amulets g - a cursed gold amulet of strangulation {34} w - an uncursed silver amulet of unchanging {25} Weapons a - an uncursed +0 silver elven dagger (weapon in hand) {10} m - an uncursed +0 silver bec de corbin {112} t - a blessed +1 quarterstaff {40} z - an uncursed fireproof +0 bone orcish dagger {3} Armor C - an uncursed +0 cloak of magic resistance (being worn) {8} H - an uncursed +0 orcish helm (being worn) {23} Scrolls h - an uncursed scroll of gold detection {5} l - an uncursed scroll of teleportation {5} p - a blessed scroll of enchant weapon {5} y - an uncursed scroll of stinking cloud {5} Potions i - an uncursed potion of water {20} j - a cursed potion of gain energy {20} k - an uncursed potion of sickness {20} x - an uncursed potion of restore ability {20} Tools q - an uncursed lock pick {4} s - an uncursed tallow candle {2} Gems/Stones v - an uncursed luckstone {10} Raisse the Wizard's attributes: Background: You were a Conjurer, a level 3 female gnomish Wizard. You were neutral, on a mission for Thoth who was opposed by Ptah (lawful) and Anhur (chaotic). You were bisexual. You were in the Gnomish Mines, on level 5. You entered the dungeon 1520 turns ago. You had 79 experience points, 1 more was needed to attain level 4. Basics: You had 0 out of 20 hit points. You had 12 out of 27 energy points (spell power). Your armor class was 8. Your wallet contained 27 zorkmids. Autopickup was on for '$!?/"=+' plus thrown, with exceptions. Final Characteristics: Your strength was 10 (limit:18/50). Your dexterity was 11 (limit:18). Your constitution was 15 (limit:18). Your intelligence was 19 (limit:19). Your wisdom was 10 (limit:18). Your charisma was 11 (limit:18). Final Status: You were not hungry. You were unencumbered. You were wielding a dagger. You were unskilled in dagger. Final Attributes: You were devoutly aligned. You were magic-protected. You had infravision. You were warded. You were lucky. You had extra luck. Bad luck did not time out for you. Good luck did not time out for you. You are dead. Miscellaneous: You never encountered a bones level. Total elapsed playing time was 6 minutes and 14 seconds. Vanquished creatures: a pony a gnome leader a kitten a dwarf 4 hobbits a large kobold a hobgoblin 2 cave spiders a green mold a red mold 4 gnomes 2 geckos 7 jackals a fox 2 goblins a sewer rat 2 grid bugs 2 lichens 2 kobold zombies 9 newts 46 creatures vanquished. No species were genocided or became extinct. Voluntary challenges: You read items or engraved 3 times. You never genocided any monsters. You never polymorphed an object. You never changed form. You never touched an artifact. You used no wishes. You never scared an enemy with impunity. You were celibate. You never generated conflict. Achievements: You entered the Gnomish Mines. You attained the rank of Conjurer. The Dungeons of Doom: levels 1 to 3 Level 1: A fountain. Level 2: "spb, thiefstone" A sink, a grave. Stairs down to The Gnomish Mines. Level 3: The Gnomish Mines: levels 3 to 5 Level 3: "spb, theifstone" Level 4: Level 5: <- You were here. Final resting place for you, killed by a rothe. Game over: __________ / \ / REST \ / IN \ / PEACE \ / \ | Raisse | | 27 Au | | killed by a | | rothe | | | | | | 2022 | *| * * * | * _________)/\\_//(\/(/\)/\//\/|_)_______ Goodbye Raisse the Wizard... You died in The Gnomish Mines on dungeon level 5 with 541 points, and 27 pieces of gold, after 1520 moves. You were level 3 with a maximum of 20 hit points when you died.